%YAML 1.1
%TAG !u! tag:unity3d.com,2011:
--- !u!1 &7735049350454258442
GameObject:
  m_ObjectHideFlags: 0
  m_CorrespondingSourceObject: {fileID: 0}
  m_PrefabInstance: {fileID: 0}
  m_PrefabAsset: {fileID: 0}
  serializedVersion: 6
  m_Component:
  - component: {fileID: 5631614454212805125}
  m_Layer: 0
  m_Name: TomatPlant
  m_TagString: Untagged
  m_Icon: {fileID: 0}
  m_NavMeshLayer: 1
  m_StaticEditorFlags: 2147483647
  m_IsActive: 1
--- !u!4 &5631614454212805125
Transform:
  m_ObjectHideFlags: 0
  m_CorrespondingSourceObject: {fileID: 0}
  m_PrefabInstance: {fileID: 0}
  m_PrefabAsset: {fileID: 0}
  m_GameObject: {fileID: 7735049350454258442}
  m_LocalRotation: {x: 0, y: 0, z: 0, w: 1}
  m_LocalPosition: {x: 16.451065, y: 0, z: 19.783058}
  m_LocalScale: {x: 1, y: 1, z: 1}
  m_ConstrainProportionsScale: 0
  m_Children:
  - {fileID: 2431532533262080977}
  - {fileID: 2431532533537898849}
  - {fileID: 2431532532808736753}
  - {fileID: 2431532532749459108}
  - {fileID: 2431532533503534881}
  - {fileID: 2431532532785590068}
  - {fileID: 9219513866008181817}
  - {fileID: 2195354126638260807}
  - {fileID: 2195354126584799931}
  - {fileID: 610689051518252229}
  m_Father: {fileID: 0}
  m_RootOrder: 0
  m_LocalEulerAnglesHint: {x: 0, y: 0, z: 0}
--- !u!1001 &142139391910148559
PrefabInstance:
  m_ObjectHideFlags: 0
  serializedVersion: 2
  m_Modification:
    m_TransformParent: {fileID: 5631614454212805125}
    m_Modifications:
    - target: {fileID: 100002, guid: 0cea22185d346174ab57e8d3cc29a6ce, type: 3}
      propertyPath: m_StaticEditorFlags
      value: 2147483647
      objectReference: {fileID: 0}
    - target: {fileID: 2325672644263978859, guid: 0cea22185d346174ab57e8d3cc29a6ce, type: 3}
      propertyPath: m_RootOrder
      value: 3
      objectReference: {fileID: 0}
    - target: {fileID: 2325672644263978859, guid: 0cea22185d346174ab57e8d3cc29a6ce, type: 3}
      propertyPath: m_LocalPosition.x
      value: -0.676569
      objectReference: {fileID: 0}
    - target: {fileID: 2325672644263978859, guid: 0cea22185d346174ab57e8d3cc29a6ce, type: 3}
      propertyPath: m_LocalPosition.y
      value: 0.49594235
      objectReference: {fileID: 0}
    - target: {fileID: 2325672644263978859, guid: 0cea22185d346174ab57e8d3cc29a6ce, type: 3}
      propertyPath: m_LocalPosition.z
      value: -0.9057312
      objectReference: {fileID: 0}
    - target: {fileID: 2325672644263978859, guid: 0cea22185d346174ab57e8d3cc29a6ce, type: 3}
      propertyPath: m_LocalRotation.w
      value: -0.72547877
      objectReference: {fileID: 0}
    - target: {fileID: 2325672644263978859, guid: 0cea22185d346174ab57e8d3cc29a6ce, type: 3}
      propertyPath: m_LocalRotation.x
      value: -0
      objectReference: {fileID: 0}
    - target: {fileID: 2325672644263978859, guid: 0cea22185d346174ab57e8d3cc29a6ce, type: 3}
      propertyPath: m_LocalRotation.y
      value: 0.68824464
      objectReference: {fileID: 0}
    - target: {fileID: 2325672644263978859, guid: 0cea22185d346174ab57e8d3cc29a6ce, type: 3}
      propertyPath: m_LocalRotation.z
      value: -0
      objectReference: {fileID: 0}
    - target: {fileID: 2325672644263978859, guid: 0cea22185d346174ab57e8d3cc29a6ce, type: 3}
      propertyPath: m_LocalEulerAnglesHint.x
      value: 0
      objectReference: {fileID: 0}
    - target: {fileID: 2325672644263978859, guid: 0cea22185d346174ab57e8d3cc29a6ce, type: 3}
      propertyPath: m_LocalEulerAnglesHint.y
      value: 273.017
      objectReference: {fileID: 0}
    - target: {fileID: 2325672644263978859, guid: 0cea22185d346174ab57e8d3cc29a6ce, type: 3}
      propertyPath: m_LocalEulerAnglesHint.z
      value: 0
      objectReference: {fileID: 0}
    - target: {fileID: 2325672644264147787, guid: 0cea22185d346174ab57e8d3cc29a6ce, type: 3}
      propertyPath: m_Name
      value: plant_tomato_S3 (17)
      objectReference: {fileID: 0}
    - target: {fileID: 2325672644264147787, guid: 0cea22185d346174ab57e8d3cc29a6ce, type: 3}
      propertyPath: m_StaticEditorFlags
      value: 2147483647
      objectReference: {fileID: 0}
    m_RemovedComponents: []
  m_SourcePrefab: {fileID: 100100000, guid: 0cea22185d346174ab57e8d3cc29a6ce, type: 3}
--- !u!4 &2431532532749459108 stripped
Transform:
  m_CorrespondingSourceObject: {fileID: 2325672644263978859, guid: 0cea22185d346174ab57e8d3cc29a6ce, type: 3}
  m_PrefabInstance: {fileID: 142139391910148559}
  m_PrefabAsset: {fileID: 0}
--- !u!1001 &142139391935805594
PrefabInstance:
  m_ObjectHideFlags: 0
  serializedVersion: 2
  m_Modification:
    m_TransformParent: {fileID: 5631614454212805125}
    m_Modifications:
    - target: {fileID: 100002, guid: 0cea22185d346174ab57e8d3cc29a6ce, type: 3}
      propertyPath: m_StaticEditorFlags
      value: 2147483647
      objectReference: {fileID: 0}
    - target: {fileID: 2325672644263978859, guid: 0cea22185d346174ab57e8d3cc29a6ce, type: 3}
      propertyPath: m_RootOrder
      value: 2
      objectReference: {fileID: 0}
    - target: {fileID: 2325672644263978859, guid: 0cea22185d346174ab57e8d3cc29a6ce, type: 3}
      propertyPath: m_LocalPosition.x
      value: -1.4267979
      objectReference: {fileID: 0}
    - target: {fileID: 2325672644263978859, guid: 0cea22185d346174ab57e8d3cc29a6ce, type: 3}
      propertyPath: m_LocalPosition.y
      value: 0.4889593
      objectReference: {fileID: 0}
    - target: {fileID: 2325672644263978859, guid: 0cea22185d346174ab57e8d3cc29a6ce, type: 3}
      propertyPath: m_LocalPosition.z
      value: 0.91438866
      objectReference: {fileID: 0}
    - target: {fileID: 2325672644263978859, guid: 0cea22185d346174ab57e8d3cc29a6ce, type: 3}
      propertyPath: m_LocalRotation.w
      value: 0.67306036
      objectReference: {fileID: 0}
    - target: {fileID: 2325672644263978859, guid: 0cea22185d346174ab57e8d3cc29a6ce, type: 3}
      propertyPath: m_LocalRotation.x
      value: -0
      objectReference: {fileID: 0}
    - target: {fileID: 2325672644263978859, guid: 0cea22185d346174ab57e8d3cc29a6ce, type: 3}
      propertyPath: m_LocalRotation.y
      value: 0.73958766
      objectReference: {fileID: 0}
    - target: {fileID: 2325672644263978859, guid: 0cea22185d346174ab57e8d3cc29a6ce, type: 3}
      propertyPath: m_LocalRotation.z
      value: -0
      objectReference: {fileID: 0}
    - target: {fileID: 2325672644263978859, guid: 0cea22185d346174ab57e8d3cc29a6ce, type: 3}
      propertyPath: m_LocalEulerAnglesHint.x
      value: 0
      objectReference: {fileID: 0}
    - target: {fileID: 2325672644263978859, guid: 0cea22185d346174ab57e8d3cc29a6ce, type: 3}
      propertyPath: m_LocalEulerAnglesHint.y
      value: 95.393005
      objectReference: {fileID: 0}
    - target: {fileID: 2325672644263978859, guid: 0cea22185d346174ab57e8d3cc29a6ce, type: 3}
      propertyPath: m_LocalEulerAnglesHint.z
      value: 0
      objectReference: {fileID: 0}
    - target: {fileID: 2325672644264147787, guid: 0cea22185d346174ab57e8d3cc29a6ce, type: 3}
      propertyPath: m_Name
      value: plant_tomato_S3 (18)
      objectReference: {fileID: 0}
    - target: {fileID: 2325672644264147787, guid: 0cea22185d346174ab57e8d3cc29a6ce, type: 3}
      propertyPath: m_StaticEditorFlags
      value: 2147483647
      objectReference: {fileID: 0}
    m_RemovedComponents: []
  m_SourcePrefab: {fileID: 100100000, guid: 0cea22185d346174ab57e8d3cc29a6ce, type: 3}
--- !u!4 &2431532532808736753 stripped
Transform:
  m_CorrespondingSourceObject: {fileID: 2325672644263978859, guid: 0cea22185d346174ab57e8d3cc29a6ce, type: 3}
  m_PrefabInstance: {fileID: 142139391935805594}
  m_PrefabAsset: {fileID: 0}
--- !u!1001 &142139391942264927
PrefabInstance:
  m_ObjectHideFlags: 0
  serializedVersion: 2
  m_Modification:
    m_TransformParent: {fileID: 5631614454212805125}
    m_Modifications:
    - target: {fileID: 100002, guid: 0cea22185d346174ab57e8d3cc29a6ce, type: 3}
      propertyPath: m_StaticEditorFlags
      value: 2147483647
      objectReference: {fileID: 0}
    - target: {fileID: 2325672644263978859, guid: 0cea22185d346174ab57e8d3cc29a6ce, type: 3}
      propertyPath: m_RootOrder
      value: 5
      objectReference: {fileID: 0}
    - target: {fileID: 2325672644263978859, guid: 0cea22185d346174ab57e8d3cc29a6ce, type: 3}
      propertyPath: m_LocalPosition.x
      value: -0.69438744
      objectReference: {fileID: 0}
    - target: {fileID: 2325672644263978859, guid: 0cea22185d346174ab57e8d3cc29a6ce, type: 3}
      propertyPath: m_LocalPosition.y
      value: 0.46671438
      objectReference: {fileID: 0}
    - target: {fileID: 2325672644263978859, guid: 0cea22185d346174ab57e8d3cc29a6ce, type: 3}
      propertyPath: m_LocalPosition.z
      value: 0.86694145
      objectReference: {fileID: 0}
    - target: {fileID: 2325672644263978859, guid: 0cea22185d346174ab57e8d3cc29a6ce, type: 3}
      propertyPath: m_LocalRotation.w
      value: 0.5184242
      objectReference: {fileID: 0}
    - target: {fileID: 2325672644263978859, guid: 0cea22185d346174ab57e8d3cc29a6ce, type: 3}
      propertyPath: m_LocalRotation.x
      value: -0
      objectReference: {fileID: 0}
    - target: {fileID: 2325672644263978859, guid: 0cea22185d346174ab57e8d3cc29a6ce, type: 3}
      propertyPath: m_LocalRotation.y
      value: 0.85512364
      objectReference: {fileID: 0}
    - target: {fileID: 2325672644263978859, guid: 0cea22185d346174ab57e8d3cc29a6ce, type: 3}
      propertyPath: m_LocalRotation.z
      value: -0
      objectReference: {fileID: 0}
    - target: {fileID: 2325672644263978859, guid: 0cea22185d346174ab57e8d3cc29a6ce, type: 3}
      propertyPath: m_LocalEulerAnglesHint.x
      value: 0
      objectReference: {fileID: 0}
    - target: {fileID: 2325672644263978859, guid: 0cea22185d346174ab57e8d3cc29a6ce, type: 3}
      propertyPath: m_LocalEulerAnglesHint.y
      value: 117.547005
      objectReference: {fileID: 0}
    - target: {fileID: 2325672644263978859, guid: 0cea22185d346174ab57e8d3cc29a6ce, type: 3}
      propertyPath: m_LocalEulerAnglesHint.z
      value: 0
      objectReference: {fileID: 0}
    - target: {fileID: 2325672644264147787, guid: 0cea22185d346174ab57e8d3cc29a6ce, type: 3}
      propertyPath: m_Name
      value: plant_tomato_S3 (15)
      objectReference: {fileID: 0}
    - target: {fileID: 2325672644264147787, guid: 0cea22185d346174ab57e8d3cc29a6ce, type: 3}
      propertyPath: m_StaticEditorFlags
      value: 2147483647
      objectReference: {fileID: 0}
    m_RemovedComponents: []
  m_SourcePrefab: {fileID: 100100000, guid: 0cea22185d346174ab57e8d3cc29a6ce, type: 3}
--- !u!4 &2431532532785590068 stripped
Transform:
  m_CorrespondingSourceObject: {fileID: 2325672644263978859, guid: 0cea22185d346174ab57e8d3cc29a6ce, type: 3}
  m_PrefabInstance: {fileID: 142139391942264927}
  m_PrefabAsset: {fileID: 0}
--- !u!1001 &142139391959806581
PrefabInstance:
  m_ObjectHideFlags: 0
  serializedVersion: 2
  m_Modification:
    m_TransformParent: {fileID: 5631614454212805125}
    m_Modifications:
    - target: {fileID: 9082265136339194476, guid: 0fd807acc9ec853408327d3d55f250a6, type: 3}
      propertyPath: m_Name
      value: raisedBed03
      objectReference: {fileID: 0}
    - target: {fileID: 9082265136339488332, guid: 0fd807acc9ec853408327d3d55f250a6, type: 3}
      propertyPath: m_RootOrder
      value: 6
      objectReference: {fileID: 0}
    - target: {fileID: 9082265136339488332, guid: 0fd807acc9ec853408327d3d55f250a6, type: 3}
      propertyPath: m_LocalPosition.x
      value: -1.0099487
      objectReference: {fileID: 0}
    - target: {fileID: 9082265136339488332, guid: 0fd807acc9ec853408327d3d55f250a6, type: 3}
      propertyPath: m_LocalPosition.y
      value: 0
      objectReference: {fileID: 0}
    - target: {fileID: 9082265136339488332, guid: 0fd807acc9ec853408327d3d55f250a6, type: 3}
      propertyPath: m_LocalPosition.z
      value: -0.032224655
      objectReference: {fileID: 0}
    - target: {fileID: 9082265136339488332, guid: 0fd807acc9ec853408327d3d55f250a6, type: 3}
      propertyPath: m_LocalRotation.w
      value: -1
      objectReference: {fileID: 0}
    - target: {fileID: 9082265136339488332, guid: 0fd807acc9ec853408327d3d55f250a6, type: 3}
      propertyPath: m_LocalRotation.x
      value: -0.000000044703448
      objectReference: {fileID: 0}
    - target: {fileID: 9082265136339488332, guid: 0fd807acc9ec853408327d3d55f250a6, type: 3}
      propertyPath: m_LocalRotation.y
      value: 0.000001400709
      objectReference: {fileID: 0}
    - target: {fileID: 9082265136339488332, guid: 0fd807acc9ec853408327d3d55f250a6, type: 3}
      propertyPath: m_LocalRotation.z
      value: -0.000000029802393
      objectReference: {fileID: 0}
    - target: {fileID: 9082265136339488332, guid: 0fd807acc9ec853408327d3d55f250a6, type: 3}
      propertyPath: m_LocalEulerAnglesHint.x
      value: 0
      objectReference: {fileID: 0}
    - target: {fileID: 9082265136339488332, guid: 0fd807acc9ec853408327d3d55f250a6, type: 3}
      propertyPath: m_LocalEulerAnglesHint.y
      value: 360
      objectReference: {fileID: 0}
    - target: {fileID: 9082265136339488332, guid: 0fd807acc9ec853408327d3d55f250a6, type: 3}
      propertyPath: m_LocalEulerAnglesHint.z
      value: 0
      objectReference: {fileID: 0}
    m_RemovedComponents: []
  m_SourcePrefab: {fileID: 100100000, guid: 0fd807acc9ec853408327d3d55f250a6, type: 3}
--- !u!4 &9219513866008181817 stripped
Transform:
  m_CorrespondingSourceObject: {fileID: 9082265136339488332, guid: 0fd807acc9ec853408327d3d55f250a6, type: 3}
  m_PrefabInstance: {fileID: 142139391959806581}
  m_PrefabAsset: {fileID: 0}
--- !u!1001 &142139392910480414
PrefabInstance:
  m_ObjectHideFlags: 0
  serializedVersion: 2
  m_Modification:
    m_TransformParent: {fileID: 5631614454212805125}
    m_Modifications:
    - target: {fileID: 2274192415961298597, guid: e19b3505eccafea448c5f7004cc41cc7, type: 3}
      propertyPath: m_RootOrder
      value: 8
      objectReference: {fileID: 0}
    - target: {fileID: 2274192415961298597, guid: e19b3505eccafea448c5f7004cc41cc7, type: 3}
      propertyPath: m_LocalPosition.x
      value: -1.3913488
      objectReference: {fileID: 0}
    - target: {fileID: 2274192415961298597, guid: e19b3505eccafea448c5f7004cc41cc7, type: 3}
      propertyPath: m_LocalPosition.y
      value: 0.347322
      objectReference: {fileID: 0}
    - target: {fileID: 2274192415961298597, guid: e19b3505eccafea448c5f7004cc41cc7, type: 3}
      propertyPath: m_LocalPosition.z
      value: -0.010057449
      objectReference: {fileID: 0}
    - target: {fileID: 2274192415961298597, guid: e19b3505eccafea448c5f7004cc41cc7, type: 3}
      propertyPath: m_LocalRotation.w
      value: -1
      objectReference: {fileID: 0}
    - target: {fileID: 2274192415961298597, guid: e19b3505eccafea448c5f7004cc41cc7, type: 3}
      propertyPath: m_LocalRotation.x
      value: 2.131628e-14
      objectReference: {fileID: 0}
    - target: {fileID: 2274192415961298597, guid: e19b3505eccafea448c5f7004cc41cc7, type: 3}
      propertyPath: m_LocalRotation.y
      value: 0.000001400709
      objectReference: {fileID: 0}
    - target: {fileID: 2274192415961298597, guid: e19b3505eccafea448c5f7004cc41cc7, type: 3}
      propertyPath: m_LocalRotation.z
      value: -0.000000014901159
      objectReference: {fileID: 0}
    - target: {fileID: 2274192415961298597, guid: e19b3505eccafea448c5f7004cc41cc7, type: 3}
      propertyPath: m_LocalEulerAnglesHint.x
      value: 0
      objectReference: {fileID: 0}
    - target: {fileID: 2274192415961298597, guid: e19b3505eccafea448c5f7004cc41cc7, type: 3}
      propertyPath: m_LocalEulerAnglesHint.y
      value: 360
      objectReference: {fileID: 0}
    - target: {fileID: 2274192415961298597, guid: e19b3505eccafea448c5f7004cc41cc7, type: 3}
      propertyPath: m_LocalEulerAnglesHint.z
      value: 0
      objectReference: {fileID: 0}
    - target: {fileID: 2274192415961459333, guid: e19b3505eccafea448c5f7004cc41cc7, type: 3}
      propertyPath: m_Name
      value: soil_3m (8)
      objectReference: {fileID: 0}
    m_RemovedComponents: []
  m_SourcePrefab: {fileID: 100100000, guid: e19b3505eccafea448c5f7004cc41cc7, type: 3}
--- !u!4 &2195354126584799931 stripped
Transform:
  m_CorrespondingSourceObject: {fileID: 2274192415961298597, guid: e19b3505eccafea448c5f7004cc41cc7, type: 3}
  m_PrefabInstance: {fileID: 142139392910480414}
  m_PrefabAsset: {fileID: 0}
--- !u!1001 &142139392963941602
PrefabInstance:
  m_ObjectHideFlags: 0
  serializedVersion: 2
  m_Modification:
    m_TransformParent: {fileID: 5631614454212805125}
    m_Modifications:
    - target: {fileID: 2274192415961298597, guid: e19b3505eccafea448c5f7004cc41cc7, type: 3}
      propertyPath: m_RootOrder
      value: 7
      objectReference: {fileID: 0}
    - target: {fileID: 2274192415961298597, guid: e19b3505eccafea448c5f7004cc41cc7, type: 3}
      propertyPath: m_LocalPosition.x
      value: -0.6499958
      objectReference: {fileID: 0}
    - target: {fileID: 2274192415961298597, guid: e19b3505eccafea448c5f7004cc41cc7, type: 3}
      propertyPath: m_LocalPosition.y
      value: 0.347322
      objectReference: {fileID: 0}
    - target: {fileID: 2274192415961298597, guid: e19b3505eccafea448c5f7004cc41cc7, type: 3}
      propertyPath: m_LocalPosition.z
      value: -0.010057449
      objectReference: {fileID: 0}
    - target: {fileID: 2274192415961298597, guid: e19b3505eccafea448c5f7004cc41cc7, type: 3}
      propertyPath: m_LocalRotation.w
      value: -1
      objectReference: {fileID: 0}
    - target: {fileID: 2274192415961298597, guid: e19b3505eccafea448c5f7004cc41cc7, type: 3}
      propertyPath: m_LocalRotation.x
      value: 2.131628e-14
      objectReference: {fileID: 0}
    - target: {fileID: 2274192415961298597, guid: e19b3505eccafea448c5f7004cc41cc7, type: 3}
      propertyPath: m_LocalRotation.y
      value: 0.000001400709
      objectReference: {fileID: 0}
    - target: {fileID: 2274192415961298597, guid: e19b3505eccafea448c5f7004cc41cc7, type: 3}
      propertyPath: m_LocalRotation.z
      value: -0.000000014901159
      objectReference: {fileID: 0}
    - target: {fileID: 2274192415961298597, guid: e19b3505eccafea448c5f7004cc41cc7, type: 3}
      propertyPath: m_LocalEulerAnglesHint.x
      value: 0
      objectReference: {fileID: 0}
    - target: {fileID: 2274192415961298597, guid: e19b3505eccafea448c5f7004cc41cc7, type: 3}
      propertyPath: m_LocalEulerAnglesHint.y
      value: 360
      objectReference: {fileID: 0}
    - target: {fileID: 2274192415961298597, guid: e19b3505eccafea448c5f7004cc41cc7, type: 3}
      propertyPath: m_LocalEulerAnglesHint.z
      value: 0
      objectReference: {fileID: 0}
    - target: {fileID: 2274192415961459333, guid: e19b3505eccafea448c5f7004cc41cc7, type: 3}
      propertyPath: m_Name
      value: soil_3m (9)
      objectReference: {fileID: 0}
    m_RemovedComponents: []
  m_SourcePrefab: {fileID: 100100000, guid: e19b3505eccafea448c5f7004cc41cc7, type: 3}
--- !u!4 &2195354126638260807 stripped
Transform:
  m_CorrespondingSourceObject: {fileID: 2274192415961298597, guid: e19b3505eccafea448c5f7004cc41cc7, type: 3}
  m_PrefabInstance: {fileID: 142139392963941602}
  m_PrefabAsset: {fileID: 0}
--- !u!1001 &142139393169817674
PrefabInstance:
  m_ObjectHideFlags: 0
  serializedVersion: 2
  m_Modification:
    m_TransformParent: {fileID: 5631614454212805125}
    m_Modifications:
    - target: {fileID: 100002, guid: 0cea22185d346174ab57e8d3cc29a6ce, type: 3}
      propertyPath: m_StaticEditorFlags
      value: 2147483647
      objectReference: {fileID: 0}
    - target: {fileID: 2325672644263978859, guid: 0cea22185d346174ab57e8d3cc29a6ce, type: 3}
      propertyPath: m_RootOrder
      value: 4
      objectReference: {fileID: 0}
    - target: {fileID: 2325672644263978859, guid: 0cea22185d346174ab57e8d3cc29a6ce, type: 3}
      propertyPath: m_LocalPosition.x
      value: -0.734045
      objectReference: {fileID: 0}
    - target: {fileID: 2325672644263978859, guid: 0cea22185d346174ab57e8d3cc29a6ce, type: 3}
      propertyPath: m_LocalPosition.y
      value: 0.5102644
      objectReference: {fileID: 0}
    - target: {fileID: 2325672644263978859, guid: 0cea22185d346174ab57e8d3cc29a6ce, type: 3}
      propertyPath: m_LocalPosition.z
      value: -0.048128128
      objectReference: {fileID: 0}
    - target: {fileID: 2325672644263978859, guid: 0cea22185d346174ab57e8d3cc29a6ce, type: 3}
      propertyPath: m_LocalRotation.w
      value: 0.000001013279
      objectReference: {fileID: 0}
    - target: {fileID: 2325672644263978859, guid: 0cea22185d346174ab57e8d3cc29a6ce, type: 3}
      propertyPath: m_LocalRotation.x
      value: -0
      objectReference: {fileID: 0}
    - target: {fileID: 2325672644263978859, guid: 0cea22185d346174ab57e8d3cc29a6ce, type: 3}
      propertyPath: m_LocalRotation.y
      value: 1
      objectReference: {fileID: 0}
    - target: {fileID: 2325672644263978859, guid: 0cea22185d346174ab57e8d3cc29a6ce, type: 3}
      propertyPath: m_LocalRotation.z
      value: -0
      objectReference: {fileID: 0}
    - target: {fileID: 2325672644263978859, guid: 0cea22185d346174ab57e8d3cc29a6ce, type: 3}
      propertyPath: m_LocalEulerAnglesHint.x
      value: 0
      objectReference: {fileID: 0}
    - target: {fileID: 2325672644263978859, guid: 0cea22185d346174ab57e8d3cc29a6ce, type: 3}
      propertyPath: m_LocalEulerAnglesHint.y
      value: 180.00002
      objectReference: {fileID: 0}
    - target: {fileID: 2325672644263978859, guid: 0cea22185d346174ab57e8d3cc29a6ce, type: 3}
      propertyPath: m_LocalEulerAnglesHint.z
      value: 0
      objectReference: {fileID: 0}
    - target: {fileID: 2325672644264147787, guid: 0cea22185d346174ab57e8d3cc29a6ce, type: 3}
      propertyPath: m_Name
      value: plant_tomato_S3 (16)
      objectReference: {fileID: 0}
    - target: {fileID: 2325672644264147787, guid: 0cea22185d346174ab57e8d3cc29a6ce, type: 3}
      propertyPath: m_StaticEditorFlags
      value: 2147483647
      objectReference: {fileID: 0}
    m_RemovedComponents: []
  m_SourcePrefab: {fileID: 100100000, guid: 0cea22185d346174ab57e8d3cc29a6ce, type: 3}
--- !u!4 &2431532533503534881 stripped
Transform:
  m_CorrespondingSourceObject: {fileID: 2325672644263978859, guid: 0cea22185d346174ab57e8d3cc29a6ce, type: 3}
  m_PrefabInstance: {fileID: 142139393169817674}
  m_PrefabAsset: {fileID: 0}
--- !u!1001 &142139393202169354
PrefabInstance:
  m_ObjectHideFlags: 0
  serializedVersion: 2
  m_Modification:
    m_TransformParent: {fileID: 5631614454212805125}
    m_Modifications:
    - target: {fileID: 100002, guid: 0cea22185d346174ab57e8d3cc29a6ce, type: 3}
      propertyPath: m_StaticEditorFlags
      value: 2147483647
      objectReference: {fileID: 0}
    - target: {fileID: 2325672644263978859, guid: 0cea22185d346174ab57e8d3cc29a6ce, type: 3}
      propertyPath: m_RootOrder
      value: 1
      objectReference: {fileID: 0}
    - target: {fileID: 2325672644263978859, guid: 0cea22185d346174ab57e8d3cc29a6ce, type: 3}
      propertyPath: m_LocalPosition.x
      value: -1.440588
      objectReference: {fileID: 0}
    - target: {fileID: 2325672644263978859, guid: 0cea22185d346174ab57e8d3cc29a6ce, type: 3}
      propertyPath: m_LocalPosition.y
      value: 0.5207088
      objectReference: {fileID: 0}
    - target: {fileID: 2325672644263978859, guid: 0cea22185d346174ab57e8d3cc29a6ce, type: 3}
      propertyPath: m_LocalPosition.z
      value: 0.042922974
      objectReference: {fileID: 0}
    - target: {fileID: 2325672644263978859, guid: 0cea22185d346174ab57e8d3cc29a6ce, type: 3}
      propertyPath: m_LocalRotation.w
      value: 0.000001013279
      objectReference: {fileID: 0}
    - target: {fileID: 2325672644263978859, guid: 0cea22185d346174ab57e8d3cc29a6ce, type: 3}
      propertyPath: m_LocalRotation.x
      value: -0
      objectReference: {fileID: 0}
    - target: {fileID: 2325672644263978859, guid: 0cea22185d346174ab57e8d3cc29a6ce, type: 3}
      propertyPath: m_LocalRotation.y
      value: 1
      objectReference: {fileID: 0}
    - target: {fileID: 2325672644263978859, guid: 0cea22185d346174ab57e8d3cc29a6ce, type: 3}
      propertyPath: m_LocalRotation.z
      value: -0
      objectReference: {fileID: 0}
    - target: {fileID: 2325672644263978859, guid: 0cea22185d346174ab57e8d3cc29a6ce, type: 3}
      propertyPath: m_LocalEulerAnglesHint.x
      value: 0
      objectReference: {fileID: 0}
    - target: {fileID: 2325672644263978859, guid: 0cea22185d346174ab57e8d3cc29a6ce, type: 3}
      propertyPath: m_LocalEulerAnglesHint.y
      value: 180.00002
      objectReference: {fileID: 0}
    - target: {fileID: 2325672644263978859, guid: 0cea22185d346174ab57e8d3cc29a6ce, type: 3}
      propertyPath: m_LocalEulerAnglesHint.z
      value: 0
      objectReference: {fileID: 0}
    - target: {fileID: 2325672644264147787, guid: 0cea22185d346174ab57e8d3cc29a6ce, type: 3}
      propertyPath: m_Name
      value: plant_tomato_S3 (19)
      objectReference: {fileID: 0}
    - target: {fileID: 2325672644264147787, guid: 0cea22185d346174ab57e8d3cc29a6ce, type: 3}
      propertyPath: m_StaticEditorFlags
      value: 2147483647
      objectReference: {fileID: 0}
    m_RemovedComponents: []
  m_SourcePrefab: {fileID: 100100000, guid: 0cea22185d346174ab57e8d3cc29a6ce, type: 3}
--- !u!4 &2431532533537898849 stripped
Transform:
  m_CorrespondingSourceObject: {fileID: 2325672644263978859, guid: 0cea22185d346174ab57e8d3cc29a6ce, type: 3}
  m_PrefabInstance: {fileID: 142139393202169354}
  m_PrefabAsset: {fileID: 0}
--- !u!1001 &142139393290261395
PrefabInstance:
  m_ObjectHideFlags: 0
  serializedVersion: 2
  m_Modification:
    m_TransformParent: {fileID: 5631614454212805125}
    m_Modifications:
    - target: {fileID: 684935762777532246, guid: ff835c48689f093498a0587c1945fb8b, type: 3}
      propertyPath: m_RootOrder
      value: 9
      objectReference: {fileID: 0}
    - target: {fileID: 684935762777532246, guid: ff835c48689f093498a0587c1945fb8b, type: 3}
      propertyPath: m_LocalPosition.x
      value: 0
      objectReference: {fileID: 0}
    - target: {fileID: 684935762777532246, guid: ff835c48689f093498a0587c1945fb8b, type: 3}
      propertyPath: m_LocalPosition.y
      value: 0
      objectReference: {fileID: 0}
    - target: {fileID: 684935762777532246, guid: ff835c48689f093498a0587c1945fb8b, type: 3}
      propertyPath: m_LocalPosition.z
      value: 0
      objectReference: {fileID: 0}
    - target: {fileID: 684935762777532246, guid: ff835c48689f093498a0587c1945fb8b, type: 3}
      propertyPath: m_LocalRotation.w
      value: -1
      objectReference: {fileID: 0}
    - target: {fileID: 684935762777532246, guid: ff835c48689f093498a0587c1945fb8b, type: 3}
      propertyPath: m_LocalRotation.x
      value: -0.000000074505785
      objectReference: {fileID: 0}
    - target: {fileID: 684935762777532246, guid: ff835c48689f093498a0587c1945fb8b, type: 3}
      propertyPath: m_LocalRotation.y
      value: 0.000001400709
      objectReference: {fileID: 0}
    - target: {fileID: 684935762777532246, guid: ff835c48689f093498a0587c1945fb8b, type: 3}
      propertyPath: m_LocalRotation.z
      value: -0.000000029802436
      objectReference: {fileID: 0}
    - target: {fileID: 684935762777532246, guid: ff835c48689f093498a0587c1945fb8b, type: 3}
      propertyPath: m_LocalEulerAnglesHint.x
      value: 0
      objectReference: {fileID: 0}
    - target: {fileID: 684935762777532246, guid: ff835c48689f093498a0587c1945fb8b, type: 3}
      propertyPath: m_LocalEulerAnglesHint.y
      value: 360
      objectReference: {fileID: 0}
    - target: {fileID: 684935762777532246, guid: ff835c48689f093498a0587c1945fb8b, type: 3}
      propertyPath: m_LocalEulerAnglesHint.z
      value: 0
      objectReference: {fileID: 0}
    - target: {fileID: 684935762777963382, guid: ff835c48689f093498a0587c1945fb8b, type: 3}
      propertyPath: m_Name
      value: raisedBed_dressing03
      objectReference: {fileID: 0}
    m_RemovedComponents: []
  m_SourcePrefab: {fileID: 100100000, guid: ff835c48689f093498a0587c1945fb8b, type: 3}
--- !u!4 &610689051518252229 stripped
Transform:
  m_CorrespondingSourceObject: {fileID: 684935762777532246, guid: ff835c48689f093498a0587c1945fb8b, type: 3}
  m_PrefabInstance: {fileID: 142139393290261395}
  m_PrefabAsset: {fileID: 0}
--- !u!1001 &142139393494678714
PrefabInstance:
  m_ObjectHideFlags: 0
  serializedVersion: 2
  m_Modification:
    m_TransformParent: {fileID: 5631614454212805125}
    m_Modifications:
    - target: {fileID: 100002, guid: 0cea22185d346174ab57e8d3cc29a6ce, type: 3}
      propertyPath: m_StaticEditorFlags
      value: 2147483647
      objectReference: {fileID: 0}
    - target: {fileID: 2325672644263978859, guid: 0cea22185d346174ab57e8d3cc29a6ce, type: 3}
      propertyPath: m_RootOrder
      value: 0
      objectReference: {fileID: 0}
    - target: {fileID: 2325672644263978859, guid: 0cea22185d346174ab57e8d3cc29a6ce, type: 3}
      propertyPath: m_LocalPosition.x
      value: -1.3649979
      objectReference: {fileID: 0}
    - target: {fileID: 2325672644263978859, guid: 0cea22185d346174ab57e8d3cc29a6ce, type: 3}
      propertyPath: m_LocalPosition.y
      value: 0.4946084
      objectReference: {fileID: 0}
    - target: {fileID: 2325672644263978859, guid: 0cea22185d346174ab57e8d3cc29a6ce, type: 3}
      propertyPath: m_LocalPosition.z
      value: -0.95905876
      objectReference: {fileID: 0}
    - target: {fileID: 2325672644263978859, guid: 0cea22185d346174ab57e8d3cc29a6ce, type: 3}
      propertyPath: m_LocalRotation.w
      value: 0.5184242
      objectReference: {fileID: 0}
    - target: {fileID: 2325672644263978859, guid: 0cea22185d346174ab57e8d3cc29a6ce, type: 3}
      propertyPath: m_LocalRotation.x
      value: -0
      objectReference: {fileID: 0}
    - target: {fileID: 2325672644263978859, guid: 0cea22185d346174ab57e8d3cc29a6ce, type: 3}
      propertyPath: m_LocalRotation.y
      value: 0.85512364
      objectReference: {fileID: 0}
    - target: {fileID: 2325672644263978859, guid: 0cea22185d346174ab57e8d3cc29a6ce, type: 3}
      propertyPath: m_LocalRotation.z
      value: -0
      objectReference: {fileID: 0}
    - target: {fileID: 2325672644263978859, guid: 0cea22185d346174ab57e8d3cc29a6ce, type: 3}
      propertyPath: m_LocalEulerAnglesHint.x
      value: 0
      objectReference: {fileID: 0}
    - target: {fileID: 2325672644263978859, guid: 0cea22185d346174ab57e8d3cc29a6ce, type: 3}
      propertyPath: m_LocalEulerAnglesHint.y
      value: 117.547005
      objectReference: {fileID: 0}
    - target: {fileID: 2325672644263978859, guid: 0cea22185d346174ab57e8d3cc29a6ce, type: 3}
      propertyPath: m_LocalEulerAnglesHint.z
      value: 0
      objectReference: {fileID: 0}
    - target: {fileID: 2325672644264147787, guid: 0cea22185d346174ab57e8d3cc29a6ce, type: 3}
      propertyPath: m_Name
      value: plant_tomato_S3 (20)
      objectReference: {fileID: 0}
    - target: {fileID: 2325672644264147787, guid: 0cea22185d346174ab57e8d3cc29a6ce, type: 3}
      propertyPath: m_StaticEditorFlags
      value: 2147483647
      objectReference: {fileID: 0}
    m_RemovedComponents: []
  m_SourcePrefab: {fileID: 100100000, guid: 0cea22185d346174ab57e8d3cc29a6ce, type: 3}
--- !u!4 &2431532533262080977 stripped
Transform:
  m_CorrespondingSourceObject: {fileID: 2325672644263978859, guid: 0cea22185d346174ab57e8d3cc29a6ce, type: 3}
  m_PrefabInstance: {fileID: 142139393494678714}
  m_PrefabAsset: {fileID: 0}
